 Dungeon Crawl Stone Soup version 0.28.0 (webtiles) character file.

Game seed: 4733450249263075284

59 Spectrina the Gusty (level 3, -2/14 HPs)
             Began as a Felid Air Elementalist on Feb 12, 2022.
             Was a Follower of Ru.
             Slain by an orc wizard (3 damage)
             ... on level 3 of the Dungeon on Feb 13, 2022.
             The game lasted 00:06:21 (598 turns).

Spectrina the Gusty (Felid Air Elementalist)         Turns: 598, Time: 00:06:21

Health: -2/14      AC:  1    Str:  4    XL:     3   Next: 78%
Magic:  0/6        EV: 17    Int: 18    God:    Ru [*.....]
Gold:   28         SH:  0    Dex: 16    Spells: 0/5 levels left
                                        Lives:  0   Deaths: 0

rFire   . . .      SeeInvis +   (weapon unavailable)
rCold   . . .      Faith    .   (shield unavailable)
rNeg    . . .      Spirit   .   (armour unavailable)
rPois   .          Reflect  .   (helmet unavailable)
rElec   .          Harm     .   (cloak unavailable)
rCorr   .          Rampage  .   (gloves unavailable)
Will    .....                   (boots unavailable)
Stlth   ++........              (no amulet)
HPRegen 0.04/turn               (no ring)
MPRegen 0.10/turn               (no ring)

@: quick
A: very small, claws 1, fangs 3, see invisible, speed 1, shaggy fur 1, unskilled
1, stealthy paws, no weapons or thrown items, no armour, multi-lived
a: Renounce Religion


You were on level 3 of the Dungeon.
You worshipped Ru.
Ru was aware of your devotion.
You visited 1 branch of the dungeon, and saw 3 of its levels.

You collected 28 gold pieces.

Inventory:

Scrolls
 a - 2 scrolls of identify {unknown}
 b - a scroll of teleportation {unknown}


   Skills:
 - Level 2.4 Dodging
 - Level 2.4 Stealth
 + Level 1.7 Spellcasting
 - Level 0.7 Conjurations
 * Level 3.9 Air Magic


You couldn't memorise any spells.
You knew the following spells:

 Your Spells              Type           Power      Damage    Failure   Level
a - Shock                 Conj/Air       40%        1d5       7%          1
p - Swiftness             Air            15%        N/A       11%         3
q - Static Discharge      Conj/Air       10%        N/A       11%         2

Your spell library contained the following spells:

 Spells                   Type           Power      Damage    Failure   Level
 Airstrike                Air            7%         N/A       34%         4


Dungeon Overview and Level Annotations

Branches:
Dungeon (3/15)

Altars:
Ru

Annotations:
D:2 Natasha


Innate Abilities, Weirdness & Mutations

You have sharp claws.
You have razor-sharp teeth.
You have supernaturally acute eyesight. (SInv)
You cover ground quickly. (Speed+)
You are covered in fur. (AC +1)
You are somewhat unskilled. (-1 Apt)
Your paws help you pounce on unaware monsters.
You are incapable of wielding weapons or throwing items.
You cannot wear armour.
You gain extra lives every three experience levels.


Message History

The orc wizard gestures at you while chanting.
You resist with some effort.
The orc wizard hits you with a +0 dagger.
You scratch the orc wizard but do no damage.
The orc wizard is lightly wounded.
The orc wizard hits you with a +0 dagger.
You scratch the orc wizard but do no damage.
The orc wizard is lightly wounded.
The orc wizard begins to cast a spell, but is stunned by your conviction!
An endoplasm comes into view.
Casting: Shock (safe; 7% risk of failure)
Confirm with . or Enter, or press ? or * to list all spells.
Aiming: Shock (safe; 7% risk of failure)
Press: ? - help, Shift-Dir - straight line, p - orc wizard The zap hits the orc wizard.
The orc wizard is moderately wounded.
The zap hits the orc wizard.
The orc wizard is severely wounded.
The orc wizard casts a spell.
The orc wizard flickers and vanishes for a moment.
Unknown command.
Casting: Shock (safe; 7% risk of failure)
Confirm with . or Enter, or press ? or * to list all spells.
Aiming: Shock (safe; 7% risk of failure)
Press: ? - help, Shift-Dir - straight line The zap hits the orc wizard.
The orc wizard is almost dead.
The zap misses the orc wizard.
The orc wizard points at you and mumbles some strange words.
The magic dart hits you!
Ouch! That really hurt!
* * * LOW HITPOINT WARNING * * *
Unknown command.
You aren't carrying any potions.
Okay, then.
Okay, then.
You scratch the orc wizard but do no damage.
The orc wizard is almost dead.
The orc wizard hits you with a +0 dagger.
You die...

#. ## #. ...
###. ..
#..J##### #.
#.##....#
###.##.##....#
##....#.##....#
........)o<...#
####...##@...#
#..###...<#
#o!# #....#
#....# ######
#....# ###...
##g.# .o..
.....


You could see an orc wizard (invisible) and an endoplasm.

Vanquished Creatures
  Natasha (D:2)
  An adder (D:3)
  2 orcs (D:3)
  2 endoplasms
  2 goblins
  A hobgoblin (D:3)
  3 ball pythons
  3 bats
  4 frilled lizards (D:1)
  7 kobolds
26 creatures vanquished.

Vanquished Creatures (others)
  5 plants (D:1)
5 creatures vanquished.

Grand Total: 31 creatures vanquished

Notes
Turn   | Place    | Note
-------+----------+-------------------------------------------
     0 | D:1      | Spectrina the Felid Air Elementalist began the quest for
                  | the Orb.
     0 | D:1      | Reached XP level 1. HP: 7/7 MP: 4/4
   136 | D:3      | Reached skill level 3 in Air Magic
   136 | D:3      | Reached XP level 2. HP: 11/11 MP: 3/6
   155 | D:2      | Noticed Natasha
   160 | D:2      | Killed Natasha
   161 | D:2      | Reached skill level 4 in Air Magic
   161 | D:2      | Reached XP level 3. HP: 14/14 MP: 2/7
   164 | D:2      | Learned a level 2 spell: Static Discharge
   166 | D:2      | Noticed Natasha
   168 | D:2      | Learned a level 3 spell: Swiftness
   211 | D:1      | Found a faded altar of an unknown god.
   217 | D:1      | Prayed at the altar of an unknown god.
   217 | D:1      | Became a worshipper of Ru the Awakened
   229 | D:1      | Gained mutation: You are somewhat unskilled. (-1 Apt) [Ru
                  | sacrifice]
   229 | D:1      | Reduced skill Spellcasting to level 1
   229 | D:1      | Reduced skill Air Magic to level 3
   229 | D:1      | Reached * piety under Ru
   598 | D:3      | Slain by an orc wizard

Illustrated notes

Levels and vault maps discovered:
D:1:      tarquinn_simple_flora_water_c, layout_basic,
          hellmonk_ecumenical_altar_crossroads, lexackson_kobold_supper
D:2:      layout_loops_corners, kennysheep_generic_room_4, uniq_natasha,
          uniq_sigmund
D:3:      layout_rooms, hangedman_feature_mirror, kennysheep_cross_bottleneck

Skill      XL: |  1  2  3 |
---------------+----------+-----
Air Magic      | 3 4 3 |  3.9
Spellcasting   | 1 |  1.7
Dodging        | |  2.4
Stealth        | |  2.4
Conjurations   | |  0.7

Action                   || total
-------------------------++-------
Melee: Unarmed           ||    35
       Bite              ||     1
       Punch             ||     1
 Cast: Shock             ||    30
       Static Discharge  ||     1
Invok: Sacrifice Skill   ||     1
 Stab: Sleeping          ||     2
Armor: Skin              ||     2
Dodge: Dodged            ||    31
